 Dungeon Crawl Stone Soup version 0.29.0-4-gdea44cf6ec (webtiles) character file.

Game seed: 12885739020725211978

331 qw the Chopper (level 6, 0/39 HPs)
             Began as a Gargoyle Fighter on Sept 10, 2022.
             Was an Initiate of Okawaru.
             Slain by Sigmund
             ... wielding a +0 scythe of flaming
              (1 damage)
             ... on level 4 of the Dungeon.
             The game lasted 00:01:16 (4391 turns).

qw the Chopper (Gargoyle Fighter)                   Turns: 4391, Time: 00:01:17

Health: 0/39       AC: 17    Str: 22    XL:     6   Next: 52%
Magic:  6/6        EV:  6    Int:  8    God:    Okawaru [......]
Gold:   311        SH:  4    Dex:  9    Spells: 5/5 levels left

rFire   . . .      SeeInvis .   Y - +0 war axe
rCold   . . .      Faith    .   c - +0 buckler
rNeg    + . .      Spirit   .   h - +0 plate armour
rPois   inf        Reflect  .   i - +0 helmet
rElec   +          Harm     .   (no cloak)
rCorr   .          Rampage  .   (no gloves)
Will    .....                   (no boots)
Stlth   ..........              (no amulet)
HPRegen 0.13/turn               (no ring)
MPRegen 0.10/turn               (no ring)

@: no status effects
A: sickness immunity, AC +4, negative energy resistance 1, electricity
resistance, torment resistance 1, petrification resistance
a: Renounce Religion


You were on level 4 of the Dungeon.
You worshipped Okawaru.
Okawaru was noncommittal.
You visited 1 branch of the dungeon, and saw 4 of its levels.

You collected 311 gold pieces.


Innate Abilities, Weirdness & Mutations

You are immune to sickness and miasma.
Your stone body is resilient. (AC +4)
You are immune to poison.
You resist negative energy. (rN+)
You are resistant to electric shocks. (rElec)
You are resistant to unholy torment.
You are immune to petrification.


   Skills:
 - Level 4.5 Fighting
 + Level 5.3 Axes
 - Level 1.0 Throwing
 - Level 3.2 Armour
 - Level 3.2 Shields


You had 5 spell levels left.
You didn't know any spells.
Your spell library was empty.

Inventory:

Hand Weapons
 g - a +0 flail
 Y - a +0 war axe (weapon)
Missiles
 m - 3 javelins (quivered)
 o - 2 silver boomerangs
Armour
 c - a +0 buckler (worn)
 h - a +0 plate armour (worn)
 i - a +0 helmet (worn)
Scrolls
 b - a scroll of brand weapon {unknown}
 e - a scroll of identify
 j - a scroll of teleportation
 q - a scroll of fog
Potions
 a - 3 potions of curing
 d - a potion of might
 f - a potion of attraction {unknown}
 k - 2 potions of lignification

Dungeon Overview and Level Annotations

Branches:
Dungeon (4/15)
 Temple: D:4-7

Altars:
Ashenzari
Cheibriados
Fedhas
Okawaru

Annotations:
D:4 Sigmund


Message History

Sigmund casts a spell at you.
You are confused.
The gnoll hits you from afar with a +0 scythe!
There is an open door here.
4385 ||| DRINKING 4 potions of curing.
You feel better.
4385 ||| (to cure confusion)
You block the gnoll's attack. Sigmund barely misses you.
The gnoll hits you from afar with a +0 scythe.
You barely miss Sigmund. You hit the gnoll.
The gnoll hits you but does no damage. x2
You closely miss the gnoll.
The gnoll is heavily wounded.
You hit Sigmund but do no damage. Sigmund casts a spell at you.
The puff of flame hits you but does no damage.
The gnoll hits you with a +0 scythe! The gnoll hits you but does no damage.
Sigmund gestures wildly while chanting.
Sigmund flickers and vanishes!
Deactivating autopickup; reactivate with Ctrl-A.
You completely miss the gnoll.
The gnoll is heavily wounded.
You miss something. The gnoll hits you but does no damage.
The gnoll hits you from afar with a +0 scythe.
Something hits you. Something burns you.
You closely miss the gnoll.
The gnoll is heavily wounded.
You miss something.
The gnoll barely misses you. x2; Something hits you but does no damage.
The gnoll barely misses you. The gnoll hits you but does no damage.
You hit the gnoll.
The gnoll is severely wounded.
You hit something. The gnoll hits you with a +0 scythe!
The gnoll hits you but does no damage.
You slash the gnoll!
You kill the gnoll!
Okawaru accepts your kill.
You slash something! Something hits you! Something burns you.
You die...

##### ##...## ##..#..##
######## ##..###..####
#......# ...#####....#
#...##.#
..#.........####@###.##
#.#.........#.#.){#...#
.[..........#.#.g)#...#
##.<..........#####.>[#
##...........####.####
###................#
............#<######
###########.#.## #
#.....#


You could see a gnoll.

Vanquished Creatures
  A scorpion (D:4)
  2 hounds (D:4)
  An iguana (D:4)
  Ijyb (D:4)
  Robin (D:2)
  3 adders
  4 gnolls (D:4)
  3 worms
  4 dart slugs
  4 orcs (D:3)
  2 endoplasms
  3 giant cockroaches
  15 goblins
  8 hobgoblins
  2 jackals (D:4)
  5 kobolds
  3 quokkas
  4 ball pythons
  4 bats
  4 frilled lizards
  4 rats
78 creatures vanquished.

Notes
Turn   | Place    | Note
-------+----------+-------------------------------------------
     0 | D:1      | qw the Gargoyle Fighter began the quest for the Orb.
     0 | D:1      | Reached XP level 1. HP: 14/14 MP: 1/1
     0 | D:1      | 0 ||| qw: Version: 0.1-a-116-g5d60599
     0 | D:1      | 0 ||| qw: Game counter: 7640
     0 | D:1      | 0 ||| qw: Always use a shield: true
     0 | D:1      | 0 ||| qw: God list: Okawaru
     0 | D:1      | 0 ||| qw: Allow faded altars: false
     0 | D:1      | 0 ||| qw: Do Orc after D:15 true
     0 | D:1      | 0 ||| qw: Do second Lair branch before Depths: true
     0 | D:1      | 0 ||| qw: Lair rune preference: random
     0 | D:1      | 0 ||| qw: Plans: Normal, Zot, God:TSO, Crypt, Tomb, Zig,
                  | Orb
     0 | D:1      | 0 ||| PLANNING D:1-11
    33 | D:1      | Reached skill level 2 in Axes
    83 | D:1      | Found a faded altar of an unknown god.
   112 | D:1      | Reached XP level 2. HP: 14/19 MP: 2/2
   309 | D:1      | 309 ||| Stepping ~*~*~tactically~*~*~ (hiding).
   362 | D:1      | Reached skill level 3 in Axes
   511 | D:1      | 511 ||| Stepping ~*~*~tactically~*~*~ (stealth).
   521 | D:1      | Reached XP level 3. HP: 23/23 MP: 3/3
   919 | D:1      | 919 ||| READING scroll labelled GADUCA CUANT.
   920 | D:1      | 920 ||| READING scroll labelled HIMID QEOSEDD.
   921 | D:1      | 921 ||| READING scroll labelled TEEHAR XOIP.
   926 | D:1      | 926 ||| DRINKING 2 golden potions.
   927 | D:1      | 927 ||| DRINKING 2 black potions.
   928 | D:1      | 928 ||| DRINKING 2 viscous golden potions.
   954 | D:1      | 954 ||| DROPPING potion of magic.
   955 | D:1      | 955 ||| DROPPING potion of flight.
  1157 | D:2      | 1157 ||| Stepping ~*~*~tactically~*~*~ (stealth).
  1174 | D:2      | Noticed Robin
  1194 | D:2      | Killed Robin
  1195 | D:2      | Reached XP level 4. HP: 9/28 MP: 4/4
  1431 | D:2      | Found a blossoming altar of Fedhas.
  1952 | D:2      | 1952 ||| UPGRADING to +0 plate armour.
  1962 | D:2      | 1962 ||| DROPPING +0 scale mail.
  1963 | D:2      | 1963 ||| UPGRADING to +0 helmet.
  1968 | D:2      | 1968 ||| DROPPING ring of magical power.
  1969 | D:2      | 1969 ||| READING scroll labelled XYNUAL COITE.
  1970 | D:2      | 1970 ||| READING scroll labelled QETZEPL FYVU.
  1971 | D:2      | 1971 ||| DRINKING 3 fizzy red potions.
  2057 | D:3      | Reached skill level 4 in Axes
  2318 | D:3      | 2318 ||| Stepping ~*~*~tactically~*~*~ (hiding).
  2403 | D:3      | Found a blossoming altar of Fedhas.
  2460 | D:3      | 2460 ||| Stepping ~*~*~tactically~*~*~ (stealth).
  2465 | D:3      | Reached skill level 1 in Throwing
  2874 | D:3      | 2874 ||| DROPPING +2 whip of flaming.
  2977 | D:3      | Found a broken altar of Ashenzari.
  2983 | D:3      | Found an iron altar of Okawaru.
  2986 | D:3      | Found a snail-covered altar of Cheibriados.
  2989 | D:3      | 2989 ||| DROPPING +6 ring of intelligence.
  2990 | D:3      | 2990 ||| READING scroll labelled AVVA NEALIH.
  2991 | D:3      | 2991 ||| READING scroll labelled NAD AWASTOUSE.
  2992 | D:3      | 2992 ||| DRINKING 2 gluggy clear potions.
  3093 | D:3      | 3093 ||| READING 2 scrolls of identify.
  3093 | D:3      | 3093 ||| IDENTIFYING puce potion
  3094 | D:3      | 3094 ||| DROPPING potion of brilliance.
  3095 | D:3      | 3095 ||| DROPPING potion of ambrosia.
  3104 | D:3      | Became a worshipper of Warmaster Okawaru
  3158 | D:4      | 3158 ||| STAIRDANCE
  3349 | D:4      | Noticed Ijyb
  3350 | D:4      | 3350 ||| FLEEEEING.
  3352 | D:4      | 3352 ||| FLEEEEING.
  3353 | D:4      | 3353 ||| FLEEEEING.
  3354 | D:4      | 3354 ||| FLEEEEING.
  3355 | D:4      | 3355 ||| FLEEEEING.
  3356 | D:4      | 3356 ||| FLEEEEING.
  3357 | D:4      | 3357 ||| FLEEEEING.
  3358 | D:4      | 3358 ||| FLEEEEING.
  3359 | D:4      | 3359 ||| FLEEEEING.
  3360 | D:4      | 3360 ||| FLEEEEING.
  3361 | D:4      | 3361 ||| FLEEEEING.
  3362 | D:4      | 3362 ||| FLEEEEING.
  3363 | D:4      | 3363 ||| FLEEEEING.
  3365 | D:4      | 3365 ||| FLEEEEING.
  3366 | D:4      | 3366 ||| FLEEEEING.
  3367 | D:4      | 3367 ||| FLEEEEING.
  3368 | D:4      | 3368 ||| FLEEEEING.
  3369 | D:4      | 3369 ||| FLEEEEING.
  3370 | D:4      | 3370 ||| FLEEEEING.
  3372 | D:4      | 3372 ||| FLEEEEING.
  3373 | D:4      | 3373 ||| STAIRDANCE
  3582 | D:4      | 3582 ||| Stepping ~*~*~tactically~*~*~ (hiding).
  3590 | D:4      | Killed Ijyb
  3591 | D:4      | Reached XP level 5. HP: 22/32 MP: 5/5
  3609 | D:4      | 3609 ||| FLEEEEING.
  3610 | D:4      | 3610 ||| STAIRDANCE
  3693 | D:4      | 3693 ||| STAIRDANCE
  3764 | D:4      | Reached skill level 5 in Axes
  3941 | D:4      | Reached XP level 6. HP: 38/38 MP: 6/6
  4383 | D:4      | Noticed Sigmund
  4385 | D:4      | 4385 ||| DRINKING 4 potions of curing.
  4385 | D:4      | 4385 ||| (to cure confusion)
  4391 | D:4      | HP: 1/39 [something (9)]
  4391 | D:4      | Slain by Sigmund

Levels and vault maps discovered:
D:1:      grunt_arrival_crossed_arrows, layout_basic,
          dreamdust_ecumenical_altar_statues
D:2:      layout_loops_ring, basic_altar, kennysheep_cross_bottleneck,
          uniq_robin
D:3:      layout_basic, fedhas_altar_fruit_tree,
          minmay_overflow_temple_star_quad
D:4:      layout_rooms, hangedman_decor_lopped, sigmund_army, uniq_ijyb

Skill      XL: |  1  2  3  4  5  6 |
---------------+-------------------+-----
Axes           | 2 3 4 5 |  5.3
Throwing       | 1 |  1.0
Fighting       | 4 |  4.5
Armour         | |  3.2
Shields        | |  3.2

Action                   |  1- 3 |  4- 6 || total
-------------------------+-------+-------++-------
Melee: War axe           |    89 |   140 ||   229
Throw: Javelin           |       |    18 ||    18
       Boomerang         |       |     2 ||     2
  Use: Scroll            |     3 |     5 ||     8
       Potion            |     3 |     3 ||     6
Armor: Scale mail        |    58 |    14 ||    72
       Plate armour      |       |    92 ||    92
Dodge: Dodged            |    41 |    42 ||    83
Block: Buckler           |    23 |    31 ||    54

Table legend:
 A = Non-vault XP
 B = Vault XP
 C = Vault XP percentage of total XP
 D = Non-vault monster count
 E = Vault monster count
 F = Vault count percentage of total count
                 A         B        C        D         E       F
            +---------+---------+-------+---------+---------+-------
      Total |     401 |      87 |  17.8 |      64 |      14 |  17.9
            +---------+---------+-------+---------+---------+-------
        D:1 |      43 |       0 |   0.0 |      23 |       0 |   0.0
        D:2 |      14 |      37 |  72.5 |       6 |      12 |  66.7
        D:3 |      60 |       0 |   0.0 |      20 |       0 |   0.0
        D:4 |     284 |      50 |  15.0 |      15 |       2 |  11.8
            +---------+---------+-------+---------+---------+-------
